 Dungeon Sprint DCSS version 0.28-a0-872-g80cf8599ee (webtiles) character file.

Game seed: 17282707402556353136

298545 mhtbhm the Minotaur Barricade (level 18, -6/200 HPs)
             Began as a Minotaur Fighter on Nov 20, 2021.
             Was the Champion of Okawaru.
             Killed from afar by an electric golem (21 damage)
             ... with a bolt of lightning
             ... in the Dungeon (Sprint IX: "|||||||||||||||||||||||||||||").
             The game lasted 00:27:03 (12158 turns).

mhtbhm the Minotaur Barricade (Minotaur Fighter)   Turns: 12158, Time: 00:27:03

Health: -6/200     AC: 34    Str: 45    XL:     18   Next: 65%
Magic:  30/34      EV: 22    Int:  8    God:    Okawaru [******]
Gold:   1111       SH: 27    Dex: 16    Spells: 17/17 levels left

rFire   + + +      SeeInvis +   a - +5 morningstar of Salt {drain, Int+3}
rCold   + + +      Faith    +   c - +2 tower shield "Ginn" {rN+ Slay+3}
rNeg    + . .      Spirit   .   b - +0 gold dragon scales "Gij Beok" {rPois rF+ rC+ Str+7 Dex+3}
rPois   +          Reflect  .   F - +1 hat
rElec   .          Harm     .   q - scarf {rC+ rF+}
rCorr   +          Rampage  .   m - +0 pair of gloves of Existentialism {rF+ rC+ rCorr Stlth-}
Will    +....      NoTele   +   l - +2 pair of boots {Fly}
Stlth   ..........              N - amulet "Luteucug" {Faith Fly rPois Dex+2}
HPRegen 0.43/turn               M - ring "Cepygg" {rF++ Str+4 SInv}
MPRegen 0.24/turn               Q - ring "Yfasiun" {rPois Str+6}

@: heroic, finesse-ful, flying
A: horns 2, retaliatory headbutt, sense surroundings 1
}: 5/17 runes: decaying, serpentine, barnacled, silver, gossamer
a: Renounce Religion, Heroism, Finesse


You were in the Dungeon.
You worshipped Okawaru.
Okawaru was exalted by your worship.
You visited 1 branch You collected 1906 gold pieces.
You spent 795 gold pieces at shops.

Inventory:

Hand Weapons
 a - the +5 morningstar of Salt (weapon) {drain, Int+3}
   (Okawaru gifted it to you in the Dungeon)

   A truly terrible weapon, it drains the life of any living foe it strikes.
   Int:       It affects your intelligence (+3).
 f - a +5 demon whip of electrocution
 w - the +9 arbalest of Intimidation {vorpal, Fragile Will+ Str+3}
   (Okawaru gifted it to you in the Dungeon)

   Any ammunition fired from it inflicts extra damage upon your enemies.
   Str:       It affects your strength (+3).
   Fragile:   It will be destroyed if unequipped.
   Will:      It increases your willpower.
 B - a +5 eudemon blade of holy wrath
 J - a +4 eveningstar of protection
Missiles
 d - 7 atropa-tipped darts
 i - 2 javelins (quivered)
 n - 8 datura-tipped darts
Armour
 b - the +0 gold dragon scales "Gij Beok" (worn) {rPois rF+ rC+ Str+7 Dex+3}
   (You found it in the Dungeon)

   Str:       It affects your strength (+7).
   Dex:       It affects your dexterity (+3).
   rF:        It protects you from fire.
   rC:        It protects you from cold.
   rPois:     It protects you from poison.
 c - the +2 tower shield "Ginn" (worn) {rN+ Slay+3}
   (You took it off Louise in the Dungeon)

   Slay:      It affects your accuracy & damage with ranged weapons and melee
   (+3).
   rN:        It protects you from negative energy.
 g - a +2 cloak of poison resistance
 l - a +2 pair of boots of flying (worn)
 m - the +0 pair of gloves of Existentialism (worn) {rF+ rC+ rCorr Stlth-}
   (You found it in the Dungeon)

   rF:        It protects you from fire.
   rC:        It protects you from cold.
   rCorr:     It protects you from acid and corrosion.
   Stlth:     It makes you less stealthy.
 p - a +0 pair of gloves of archery
 q - a scarf of resistance (worn)
 z - a +0 cloak of willpower
 A - a scarf of invisibility
 F - a +1 hat (worn)
Jewellery
 M - the ring "Cepygg" (left hand) {rF++ Str+4 SInv}
   (You found it in the Dungeon)

   [ring of see invisible]

   Str:       It affects your strength (+4).
   rF:        It greatly protects you from fire.
   SInv:      It lets you see invisible.
 N - the amulet "Luteucug" (around neck) {Faith Fly rPois Dex+2}
   (You found it in the Dungeon)

   [amulet of faith]

   It allows you to gain divine favour quickly.
   Dex:       It affects your dexterity (+2).
   rPois:     It protects you from poison.
   Fly:       It grants you flight.
 P - the amulet of Ihigenk {Spirit rF++ Int+7}
   (You found it in the Dungeon)

   [amulet of guardian spirit]

   It causes incoming damage to be divided between your reserves of health and
   magic.
   Int:       It affects your intelligence (+7).
   rF:        It greatly protects you from fire.
 Q - the ring "Yfasiun" (right hand) {rPois Str+6}
   (You found it in the Dungeon)

   [ring of poison resistance]

   Str:       It affects your strength (+6).
   rPois:     It protects you from poison.
Scrolls
 j - 2 scrolls of blinking
 k - 3 scrolls of amnesia
 t - 2 scrolls of fog
 u - 4 scrolls of identify
 v - 10 scrolls of enchant armour
 C - 6 scrolls of enchant weapon
 D - 5 scrolls of fear
Potions
 e - 4 potions of curing
 h - 9 potions of magic
 o - 2 potions of might
 r - 4 potions of brilliance
 s - 3 potions of mutation
 x - 4 potions of heal wounds
 E - a potion of resistance
 G - a potion of attraction
 L - a potion of lignification
 R - a potion of berserk rage
 S - 5 potions of haste
Miscellaneous
 I - a lightning rod (4/4)


   Skills:
 O Level 27 Fighting
 O Level 27 Maces & Flails
 O Level 27 Throwing
 O Level 27 Armour
 O Level 27 Dodging
 + Level 12.5(17.5) Stealth
 O Level 27 Shields
 O Level 27 Invocations
 + Level 5.4 Evocations


You had 17 spell levels left.
You didn't know any spells.
Your spell library contained the following spells:

 Spells                   Type           Power      Damage    Failure   Level
 Shock                    Conj/Air       0%         1d3       80%         1
 Irradiate                Conj/Tmut      0%         3d13      100%        5
 Storm Form               Tmut/Air       0%         N/A       100%        7
 Maxwell's Capacitive Co  Air            0%         ∞         100%        8
 Chain Lightning          Conj/Air       0%         N/A       100%        9
 Summon Lightning Spire   Summ/Air       Unusable   N/A       N/A         4

Dungeon Overview and Level Annotations

Branches:
Dungeon (1/1)

Altars:
Cheibriados
Dithmenos
Elyvilon
Fedhas
Gozag
Hepliaklqana
Kikubaaqudgha
Makhleb
Nemelex Xobeh
Okawaru
Qazlal
Ru
Sif Muna
Trog
Uskayaw
Vehumet
Wu Jian
Xom
Yredelemnul
Zin
The Shining One
Beogh
Jiyva
Lugonu

Shops:
D ::(:


Innate Abilities, Weirdness & Mutations

You have a pair of horns on your head.
You reflexively headbutt those who attack you in melee.
You passively map a small area around you.


Message History

The orb of fire is almost destroyed.
You impale the orb of fire!!
You destroy the orb of fire!
Okawaru accepts your kill.
The electric golem hurls lightning at you.
The bolt of lightning hits the orb of fire.
The orb of fire completely resists.
The bolt of lightning misses you.
Your base Dodging skill increases to level 26!
You completely miss the orb of fire. You headbutt the orb of fire.
The orb of fire is almost destroyed.
The electric golem blinks!
You closely miss the orb of fire. Your headbutt misses the orb of fire.
The orb of fire is almost destroyed.
You closely miss the orb of fire. Your headbutt misses the orb of fire.
The orb of fire is severely damaged.
The electric golem blinks!
You sock the orb of fire! You headbutt the orb of fire!
The orb of fire is almost destroyed.
You miss the orb of fire. Your headbutt misses the orb of fire.
The orb of fire is almost destroyed.
The electric golem hurls lightning at you.
The bolt of lightning hits the orb of fire.
The orb of fire completely resists.
The bolt of lightning hits you!!!
* * * LOW HITPOINT WARNING * * *
You puncture the orb of fire!
You destroy the orb of fire!
Okawaru is honoured by your kill.
The electric golem crackles and sizzles.
The electric golem blinks!
You have mastered Dodging!
Your base Stealth skill increases to level 12!
Unknown command.
There's nothing to close nearby.
Which direction?
You reach down and close the door.
You start resting.
An electric golem opens the door.
The electric golem hurls lightning at you.
The bolt of lightning hits you!!
You die...

, , , , * * ** * ** * , , , , * *
* *** , ,,, * * *** , , ,
▓▓▓▓▓▓▓▓▓▓▓▓▓▓▓▓▓▓▓▓▓▓▓▓▓▓▓
...[)........'.'@'9'[...§((
▓▓▓▓▓▓▓▓▓▓▓▓▓▓▓▓▓▓▓▓▓▓▓▓▓▓▓▓▓▓▓▓▓
.................................
▓▓▓▓▓▓▓▓▓▓▓▓▓▓▓▓▓▓▓▓▓▓▓▓▓▓▓▓▓▓▓▓▓
.)........')).....))))).)))).....
▓▓▓▓▓▓▓▓▓▓▓▓▓▓▓▓▓▓▓▓▓▓▓▓▓▓▓▓▓▓▓▓▓
..............)................).
▓▓▓▓▓▓▓▓▓▓▓▓▓▓▓▓▓▓▓▓▓▓▓▓▓▓▓▓▓▓▓▓▓
....)))))))...[[[[[[[............


You could see an electric golem.

Vanquished Creatures
  4 ancient liches (D)
  4 orbs of fire (D)
  Mara (D)
  Mennas (D)
  Sojobo (D)
  A Killer Klown (D)
  Frederick (D)
  Saint Roka (D)
  Nikola (D)
  4 golden dragons (D)
  Jory (D)
  3 bone dragons (D)
  2 electric golems (D)
  4 tentacled monstrosities (D)
  14 Orb Guardians (D)
  A lich (D)
  Frances (D)
  2 death cobs (D)
  6 shadow dragons (D)
  2 draconian monks (D)
  Donald (D)
  8 storm dragons (D)
  3 tengu reavers (D)
  4 nagarajas (D)
  Ilsuiw (D)
  4 draconian knights (D)
  A frost giant (D)
  2 fire giants (D)
  3 draconian scorchers (D)
  3 ghost moths (D)
  3 vault wardens (D)
  6 ironbound preservers (D)
  A spriggan defender (D)
  A draconian shifter (D)
  3 emperor scorpions (D)
  Louise (D)
  2 draconian stormcallers (D)
  A war gargoyle (D)
  3 very ugly things (D)
  5 stone giants (D)
  Nessos (D)
  2 white draconians (D)
  A deep elf demonologist (D)
  5 green draconians (D)
  2 purple draconians (D)
  3 yellow draconians (D)
  2 black draconians (D)
  An entropy weaver (D)
  2 red draconians (D)
  A spark wasp (D)
  5 merfolk impalers (D)
  4 merfolk javelineers (D)
  Josephine (D)
  4 fire dragons (D)
  4 ettins (D)
  25 vault guards (D)
  4 yaktaur captains (D)
  An ice dragon (D)
  3 great orbs of eyes (D)
  A peacekeeper (D)
  8 hydras (D)
  A rakshasa (D)
  A ghost crab (D)
  2 ironbound frosthearts (D)
  7 naga warriors (D)
  2 boulder beetles (D)
  Erica (D)
  2 merfolk aquamancers (D)
  An ogre mage (D)
  A two-headed ogre (D)
  A centaur warrior (D)
  5 tengu warriors (D)
  2 deep troll shamans (D)
  An alligator (D)
  2 shock serpents (D)
  2 hell knights (D)
  A sea snake (D)
  3 wizards (D)
  2 phantasmal warriors (D)
  An ironbound convoker (D)
  2 lindwurms (D)
  6 swamp dragons (D)
  3 necromancers (D)
  2 orc knights (D)
  2 orb spiders (D)
  7 orc sorcerers (D)
  A mana viper (shapeshifter) (D)
  2 wolf spiders (D)
  2 manticores (D)
  4 black mambas (D)
  2 naga magi (D)
  2 water nymphs (D)
  9 moths of wrath (D)
  A merfolk siren (D)
  3 guardian serpents (D)
  A vault sentinel (D)
  2 cane toads (D)
  A komodo dragon (D)
  A rime drake (D)
  3 demonic crawlers (D)
  A polar bear (D)
  2 merfolk (D)
  A troll (D)
  A hornet (shapeshifter) (D)
  A troll (shapeshifter) (D)
  4 tyrant leeches (D)
  A jumping spider (D)
  4 slime creatures (D)
  4 redbacks (D)
  2 tarantellas (D)
  3 yaks (D)
  A wyvern (D)
  3 wraiths (D)
  A basilisk (D)
  A vampire mosquito (D)
  A naga (D)
  A warg (D)
  4 water moccasins (D)
  2 acid dragons (D)
  2 swamp drakes (D)
  15 orc warriors (D)
  A black bear (D)
  A centaur (D)
  2 bullfrogs (D)
  2 howler monkeys (D)
  An iguana (D)
  A jelly (D)
  15 orc wizards (D)
  An adder (D)
  An adder zombie (D)
  4 worms (D)
  7 orcs (D)
  2 bats (D)
  A ball python skeleton (D)
  A frilled lizard (D)
  A giant cockroach simulacrum (D)
  2 kobolds (D)
383 creatures vanquished.

Vanquished Creatures (others)
  A fire dragon (D)
  A merfolk aquamancer (D)
  2 alligators (D)
  A goliath frog (D)
  A bloated husk (D)
  A tyrant leech (D)
7 creatures vanquished.

Grand Total: 390 creatures vanquished

Notes
Turn   | Place    | Note
-------+----------+-------------------------------------------
     0 | D        | mhtbhm the Minotaur Fighter began the quest for the Orb.
     0 | D        | Reached XP level 1. HP: 19/19 MP: 0/0
    51 | D        | Noticed a jelly
    51 | D        | Noticed an iguana
    54 | D        | Killed a jelly
    55 | D        | Reached skill level 5 in Fighting
    55 | D        | Reached skill level 5 in Armour
    55 | D        | Reached skill level 5 in Shields
    55 | D        | Reached XP level 2. HP: 29/29 MP: 1/1
    55 | D        | Reached XP level 3. HP: 36/36 MP: 2/2
    60 | D        | Reached XP level 4. HP: 44/44 MP: 3/3
    66 | D        | Found a snail-covered altar of Cheibriados.
    66 | D        | Found a shadowy altar of Dithmenos.
    66 | D        | Found a white marble altar of Elyvilon.
    66 | D        | Found a blossoming altar of Fedhas.
    66 | D        | Found an opulent altar of Gozag.
    67 | D        | Found a hazy altar of Hepliaklqana.
    68 | D        | Found a viscous altar of Jiyva.
    69 | D        | Found an ancient bone altar of Kikubaaqudgha.
    70 | D        | Found a corrupted altar of Lugonu.
    71 | D        | Found a burning altar of Makhleb.
    72 | D        | Found a sparkling altar of Nemelex Xobeh.
    73 | D        | Found an iron altar of Okawaru.
    74 | D        | Found a stormy altar of Qazlal.
    75 | D        | Found a sacrificial altar of Ru.
    76 | D        | Found a shimmering blue altar of Sif Muna.
    77 | D        | Found a bloodstained altar of Trog.
    78 | D        | Found a hide-covered altar of Uskayaw.
    79 | D        | Found a radiant altar of Vehumet.
    80 | D        | Found an ornate altar of the Wu Jian Council.
    81 | D        | Became a worshipper of Warmaster Okawaru
    82 | D        | Found a shimmering altar of Xom.
    83 | D        | Found a basalt altar of Yredelemnul.
    84 | D        | Found a glowing silver altar of Zin.
    85 | D        | Found a glowing golden altar of the Shining One.
   143 | D        | Noticed an acid dragon
   143 | D        | Noticed a centaur
   143 | D        | Noticed an orc warrior
   143 | D        | Noticed a troll
   147 | D        | Killed an acid dragon
   147 | D        | Reached * piety under Okawaru
   148 | D        | Reached XP level 5. HP: 38/53 MP: 4/4
   149 | D        | Killed a centaur
   150 | D        | Reached XP level 6. HP: 45/62 MP: 5/5
   153 | D        | Killed an orc warrior
   153 | D        | Reached ** piety under Okawaru
   155 | D        | Killed a troll
   156 | D        | Reached skill level 10 in Fighting
   156 | D        | Reached skill level 10 in Armour
   156 | D        | Reached skill level 10 in Shields
   156 | D        | Reached skill level 1 in Evocations
   156 | D        | Reached XP level 7. HP: 36/73 MP: 6/6
   326 | D        | Noticed a seven-headed hydra
   326 | D        | Noticed a vampire mosquito
   326 | D        | Noticed a two-headed ogre
   326 | D        | Noticed a tengu warrior
   326 | D        | Noticed a mana viper
   328 | D        | Killed a vampire mosquito
   328 | D        | Reached *** piety under Okawaru
   329 | D        | Reached skill level 1 in Invocations
   332 | D        | Killed a two-headed ogre
   333 | D        | Reached XP level 8. HP: 25/83 MP: 6/10
   333 | D        | Killed a seven-headed hydra
   333 | D        | Reached **** piety under Okawaru
   333 | D        | Received a gift from Okawaru
   333 | D        | Killed a mana viper
   334 | D        | Reached XP level 9. HP: 28/92 MP: 6/12
   341 | D        | Killed a tengu warrior
   341 | D        | Reached ***** piety under Okawaru
   341 | D        | Received a gift from Okawaru
   611 | D        | Noticed a five-headed hydra
   611 | D        | Noticed a komodo dragon
   619 | D        | Killed a five-headed hydra
   622 | D        | Noticed a black mamba
   634 | D        | Reached XP level 10. HP: 95/102 MP: 14/14
   649 | D        | Killed a black mamba
   758 | D        | Noticed a cane toad
   758 | D        | Noticed a cane toad
   764 | D        | Killed a cane toad
   798 | D        | Killed a cane toad
   799 | D        | Reached skill level 1 in Dodging
   803 | D        | Reached skill level 15 in Armour
  1049 | D        | Noticed a lindwurm
  1680 | D        | Killed a lindwurm
  1680 | D        | Received a gift from Okawaru
  1681 | D        | Reached skill level 15 in Maces & Flails
  1866 | D        | Noticed Erica
  1872 | D        | Killed Erica
  1873 | D        | Reached skill level 15 in Fighting
  1873 | D        | Reached skill level 10 in Invocations
  1873 | D        | Reached XP level 11. HP: 112/112 MP: 17/17
  2038 | D        | Noticed an orc sorcerer
  2051 | D        | Paralysed by an orc sorcerer for 2 turns
  2056 | D        | Killed an orc sorcerer
  2057 | D        | Noticed an orc knight
  2312 | D        | Killed an orc knight
  2758 | D        | Found Guheos's Book Emporium.
  2758 | D        | Noticed an orc sorcerer
  2758 | D        | Noticed an orc sorcerer
  2759 | D        | Noticed an orc sorcerer
  2762 | D        | Found Jodaw's Book Shoppe.
  2773 | D        | Noticed an orc sorcerer
  2777 | D        | Killed an orc sorcerer
  2778 | D        | Found Lutam's Weapon Emporium.
  2780 | D        | Killed an orc sorcerer
  2781 | D        | Reached skill level 15 in Shields
  2781 | D        | Noticed a sixfirhy
  2787 | D        | Noticed an orc sorcerer
  2791 | D        | Noticed an orc sorcerer
  2799 | D        | Killed an orc sorcerer
  2803 | D        | Killed an orc sorcerer
  2804 | D        | Found Ikum's Book Shoppe.
  2805 | D        | Paralysed by an orc sorcerer for 2 turns
  2808 | D        | Noticed a soul eater
  2809 | D        | Killed an orc sorcerer
  2810 | D        | Noticed a sixfirhy
  2816 | D        | Paralysed by an orc sorcerer for 5 turns
  2827 | D        | Killed an orc sorcerer
  2895 | D        | Bought 2 datura-tipped darts for 11 gold pieces
  2895 | D        | Bought 5 silver javelins for 168 gold pieces
  3022 | D        | Bought a book of the Sky for 616 gold pieces
  3195 | D        | Found the +27 Lear's hauberk
  3319 | D        | Noticed a boulder beetle
  3319 | D        | Noticed a centaur warrior
  3319 | D        | Noticed an orc knight
  3319 | D        | Noticed a boulder beetle
  3324 | D        | Noticed a wizard
  3325 | D        | Noticed a stone giant
  3337 | D        | Killed a centaur warrior
  3338 | D        | Reached skill level 1 in Stealth
  3338 | D        | Noticed a fire dragon
  3353 | D        | Killed a stone giant
  3353 | D        | Reached ****** piety under Okawaru
  3353 | D        | Identified the +9 arbalest of Intimidation {vorpal, Fragile
                  | Will+ Str+3} (Okawaru gifted it to you in the Dungeon)
  3353 | D        | Received a gift from Okawaru
  3354 | D        | Reached skill level 1 in Throwing
  3354 | D        | Noticed a stone giant
  3356 | D        | Noticed a necromancer
  3359 | D        | Killed an orc knight
  3367 | D        | Killed a fire dragon
  3385 | D        | Killed a stone giant
  3385 | D        | Noticed a glowing shapeshifter
  3385 | D        | a dream sheep changed into a glowing shapeshifter
  3385 | D        | Noticed an ettin
  3386 | D        | Reached skill level 5 in Evocations
  3386 | D        | Reached XP level 12. HP: 97/125 MP: 20/20
  3408 | D        | Killed an ettin
  3442 | D        | Killed a boulder beetle
  3484 | D        | Killed a boulder beetle
  3484 | D        | Received a gift from Okawaru
  3511 | D        | Noticed a spark wasp
  3519 | D        | Killed a spark wasp
  3678 | D        | Noticed Saint Roka
  3716 | D        | Killed Saint Roka
  3717 | D        | Reached skill level 5 in Dodging
  4024 | D        | Noticed Josephine
  4043 | D        | Killed Josephine
  4211 | D        | Noticed a naga warrior
  4211 | D        | Noticed a naga warrior
  4233 | D        | Killed a naga warrior
  4243 | D        | Killed a naga warrior
  4583 | D        | Reached XP level 13. HP: 139/139 MP: 22/22
  4663 | D        | Received a gift from Okawaru
  4664 | D        | Reached skill level 5 in Throwing
  4817 | D        | Reached skill level 15 in Invocations
  4830 | D        | Received a gift from Okawaru
  4992 | D        | Noticed Nessos
  5032 | D        | Killed Nessos
  5112 | D        | Noticed a spriggan defender
  5112 | D        | Noticed a stone giant
  5120 | D        | Noticed an ettin
  5121 | D        | Noticed an ettin
  5145 | D        | Killed a spriggan defender
  5148 | D        | Killed a stone giant
  5148 | D        | Noticed a stone giant
  5164 | D        | Killed an ettin
  5176 | D        | Killed an ettin
  5189 | D        | Killed a stone giant
  5190 | D        | Noticed a fire dragon
  5218 | D        | Noticed a fire giant
  5751 | D        | Killed a fire dragon
  5751 | D        | Identified the +5 morningstar of Salt {drain, Int+3}
                  | (Okawaru gifted it to you in the Dungeon)
  5751 | D        | Received a gift from Okawaru
  5765 | D        | Killed a fire giant
  5772 | D        | Reached XP level 14. HP: 108/151 MP: 20/25
  5947 | D        | Noticed an ironbound preserver
  5961 | D        | Noticed a vault warden
  5965 | D        | Killed an ironbound preserver
  5966 | D        | Noticed an ironbound preserver
  5979 | D        | Noticed a vault warden
  5985 | D        | Killed an ironbound preserver
  5990 | D        | Killed a vault warden
  5990 | D        | Noticed a vault warden
  6001 | D        | Noticed an ironbound preserver
  6018 | D        | Killed a vault warden
  6018 | D        | Identified the +10 mace "Wanih" {elec, rF+ rN+ MP+9 Stlth+}
                  | (Okawaru gifted it to you in the Dungeon)
  6018 | D        | Received a gift from Okawaru
  6022 | D        | Killed a vault warden
  6024 | D        | Noticed an ironbound preserver
  6039 | D        | Killed an ironbound preserver
  6052 | D        | Killed an ironbound preserver
  6287 | D        | Noticed Frederick
  6301 | D        | Killed Frederick
  6301 | D        | Received a gift from Okawaru
  6325 | D        | Noticed Donald
  6337 | D        | Killed Donald
  6431 | D        | Got the +1 demon whip of the Sugar Beet {elec, rN+}
  6519 | D        | Noticed Frances
  6528 | D        | Killed Frances
  6705 | D        | Noticed Ilsuiw
  6710 | D        | Identified the +0 chain mail of Boliu {rN+ Will+ Slay-2}
                  | (Okawaru gifted it to you in the Dungeon)
  6710 | D        | Received a gift from Okawaru
  6724 | D        | Killed Ilsuiw
  6787 | D        | Got a barnacled rune of Zot
  7190 | D        | Noticed a nagaraja
  7190 | D        | Noticed a nagaraja
  7192 | D        | Noticed a nagaraja
  7198 | D        | Killed a nagaraja
  7203 | D        | Killed a nagaraja
  7207 | D        | Reached XP level 15. HP: 102/165 MP: 27/27
  7209 | D        | Killed a nagaraja
  7212 | D        | Noticed a nagaraja
  7232 | D        | Killed a nagaraja
  7251 | D        | Got a serpentine rune of Zot
  7449 | D        | Identified the +0 pair of gloves of Boredom {rF+} (Okawaru
                  | gifted it to you in the Dungeon)
  7449 | D        | Received a gift from Okawaru
  7488 | D        | Got a decaying rune of Zot
  7587 | D        | Noticed a ghost moth
  7588 | D        | Noticed a ghost moth
  7621 | D        | Killed a ghost moth
  7622 | D        | Reached skill level 10 in Throwing
  7624 | D        | Killed a ghost moth
  7662 | D        | Got a gossamer rune of Zot
  7773 | D        | Noticed Jory
  7797 | D        | Killed Jory
  8212 | D        | Noticed Mennas
  8271 | D        | Killed Mennas
  8272 | D        | Reached skill level 10 in Dodging
  8466 | D        | Identified the +2 tower shield "Ginn" {rN+ Slay+3}
  8466 | D        | Noticed Louise
  8489 | D        | Killed Louise
  8728 | D        | Received a gift from Okawaru
  8734 | D        | Reached skill level 27 in Shields
  8759 | D        | Identified the +9 dire flail of Imagyjuk {distort, rF+
                  | Dex+7} (Okawaru gifted it to you in the Dungeon)
  8759 | D        | Received a gift from Okawaru
  8836 | D        | Reached XP level 16. HP: 180/180 MP: 29/29
  8875 | D        | Noticed a tentacled monstrosity
  8888 | D        | Received a gift from Okawaru
  8890 | D        | Killed a tentacled monstrosity
  8907 | D        | Reached skill level 27 in Fighting
  8917 | D        | Received a gift from Okawaru
  8923 | D        | Noticed a shadow dragon
  8931 | D        | Killed a shadow dragon
  8938 | D        | Noticed a shadow dragon
  8940 | D        | Noticed a tengu reaver
  8958 | D        | Killed a shadow dragon
  8967 | D        | Killed a tengu reaver
  9257 | D        | Noticed a shadow dragon
  9257 | D        | Noticed an ancient lich
  9257 | D        | Noticed a shadow dragon
  9258 | D        | Noticed a lich
  9264 | D        | Received a gift from Okawaru
  9264 | D        | Noticed a golden dragon
  9266 | D        | Killed a shadow dragon
  9270 | D        | Noticed a shadow dragon
  9277 | D        | Killed an ancient lich
  9278 | D        | Reached skill level 27 in Maces & Flails
  9530 | D        | Killed a shadow dragon
  9535 | D        | Killed a lich
  9536 | D        | Reached skill level 5 in Stealth
  9551 | D        | Killed a shadow dragon
  9552 | D        | Killed a golden dragon
  9602 | D        | Got a silver rune of Zot
  9604 | D        | Got the Papyrus of Aerial Changing
  9776 | D        | Noticed a tengu reaver
  9801 | D        | Killed a tengu reaver
  9945 | D        | Noticed Sojobo
  9946 | D        | Noticed a tengu reaver
  9965 | D        | Paralysed by an air elemental for 1 turns
  9974 | D        | Killed Sojobo
  9982 | D        | Killed a tengu reaver
 10200 | D        | Got the ring "Cepygg" {rF++ Str+4 SInv}
 10202 | D        | Got the amulet "Luteucug" {Faith Fly rPois Dex+2}
 10204 | D        | Got the ring of the Philosopher {Int+8 SInv Stlth+}
 10206 | D        | Got the amulet of Ihigenk {Spirit rF++ Int+7}
 10208 | D        | Got the ring "Yfasiun" {rPois Str+6}
 10246 | D        | Got the +0 gold dragon scales "Gij Beok" {rPois rF+ rC+
                  | Str+7 Dex+3}
 10280 | D        | Got the +0 pair of gloves of Existentialism {rF+ rC+ rCorr
                  | Stlth-}
 10377 | D        | Noticed Nikola
 10390 | D        | Killed Nikola
 10405 | D        | Noticed Mara
 10417 | D        | Killed Mara
 10515 | D        | Noticed a storm dragon
 10520 | D        | Killed a storm dragon
 10526 | D        | Received a gift from Okawaru
 10534 | D        | Received a gift from Okawaru
 10553 | D        | Noticed a storm dragon
 10553 | D        | Noticed a bone dragon
 10553 | D        | Noticed a bone dragon
 10555 | D        | Received a gift from Okawaru
 10557 | D        | Killed a storm dragon
 10558 | D        | Reached XP level 17. HP: 191/191 MP: 32/32
 10561 | D        | Killed a bone dragon
 10564 | D        | Killed a bone dragon
 10565 | D        | Reached skill level 15 in Dodging
 10568 | D        | Noticed a golden dragon
 10576 | D        | Killed a golden dragon
 10578 | D        | Noticed a bone dragon
 10591 | D        | Killed a bone dragon
 10721 | D        | Noticed a tentacled monstrosity
 10726 | D        | Killed a tentacled monstrosity
 10727 | D        | Reached skill level 15 in Throwing
 10746 | D        | Noticed a tentacled monstrosity
 10748 | D        | Received a gift from Okawaru
 10751 | D        | Reached skill level 27 in Invocations
 10755 | D        | Killed a tentacled monstrosity
 10755 | D        | Identified the +4 flail of Ogud {antimagic, Int+4 Dex+2}
                  | (Okawaru gifted it to you in the Dungeon)
 10755 | D        | Received a gift from Okawaru
 10922 | D        | Reached skill level 27 in Armour
 10932 | D        | Received a gift from Okawaru
 11444 | D        | Noticed an Orb Guardian
 11444 | D        | Noticed an Orb Guardian
 11444 | D        | Noticed an Orb Guardian
 11444 | D        | Noticed an Orb Guardian
 11444 | D        | Noticed an Orb Guardian
 11444 | D        | Noticed an Orb Guardian
 11450 | D        | Killed an Orb Guardian
 11455 | D        | Killed an Orb Guardian
 11461 | D        | Killed an Orb Guardian
 11470 | D        | Killed an Orb Guardian
 11474 | D        | Killed an Orb Guardian
 11477 | D        | Killed an Orb Guardian
 11561 | D        | Noticed an Orb Guardian
 11562 | D        | Noticed an Orb Guardian
 11563 | D        | Noticed an Orb Guardian
 11569 | D        | Killed an Orb Guardian
 11571 | D        | Noticed an Orb Guardian
 11572 | D        | Killed an Orb Guardian
 11574 | D        | Killed an Orb Guardian
 11583 | D        | Killed an Orb Guardian
 11692 | D        | Noticed an Orb Guardian
 11692 | D        | Noticed an Orb Guardian
 11692 | D        | Noticed a tentacled monstrosity
 11694 | D        | Received a gift from Okawaru
 11694 | D        | Noticed an Orb Guardian
 11695 | D        | Killed an Orb Guardian
 11695 | D        | Killed a tentacled monstrosity
 11695 | D        | Killed an Orb Guardian
 11696 | D        | Reached XP level 18. HP: 200/200 MP: 34/34
 11696 | D        | Noticed an Orb Guardian
 11701 | D        | Killed an Orb Guardian
 11705 | D        | Killed an Orb Guardian
 11731 | D        | Noticed an ancient lich
 11737 | D        | Killed an ancient lich
 11847 | D        | Noticed an orb of fire
 11861 | D        | Killed an orb of fire
 11996 | D        | Noticed an electric golem
 12000 | D        | Killed an electric golem
 12003 | D        | Noticed an electric golem
 12003 | D        | Noticed an ancient lich
 12003 | D        | Noticed an ancient lich
 12005 | D        | Noticed an orb of fire
 12006 | D        | Reached skill level 27 in Throwing
 12006 | D        | Killed an ancient lich
 12007 | D        | Noticed a Killer Klown
 12009 | D        | Noticed a golden dragon
 12010 | D        | Noticed a golden dragon
 12018 | D        | Noticed an orb of fire
 12020 | D        | Killed a Killer Klown
 12025 | D        | Killed an ancient lich
 12025 | D        | Received a gift from Okawaru
 12025 | D        | Gained mutation: You passively map a small area around you.
                  | [an orb of fire]
 12124 | D        | Noticed an orb of fire
 12127 | D        | Killed an electric golem
 12127 | D        | Killed a golden dragon
 12128 | D        | Reached skill level 10 in Stealth
 12130 | D        | Killed a golden dragon
 12134 | D        | Killed an orb of fire
 12139 | D        | Noticed an electric golem
 12143 | D        | Killed an orb of fire
 12149 | D        | Killed an orb of fire
 12150 | D        | Reached skill level 27 in Dodging
 12158 | D        | Killed from afar by an electric golem

Illustrated notes

Levels and vault maps discovered:
D:        linesprint [early_d, line_temple, items_1, d_10, items_2, lair_1,
          lair_end, items_3, orc_1, orc_end, items_4, d_15, swamp_1, shoals_1,
          snake_1, spider_1, d_20, vaults_1, items_5, swamp_end, shoals_end,
          snake_end, spider_end, vaults_end, d_27, items_6, zot_1, zot_end,
          crypt_end, forest_end, elf_end, slime_end, tomb_end, abyss_end,
          pan_hell_end]

Skill      XL: |  1  2  3  4  5  6  7  8  9 10 11 12 13 14 15 16 17 18 |
---------------+-------------------------------------------------------+-----
Fighting       | 5 6 8 10 11 12 13 15 17 19 21 23 26 27 | 27.0
Armour         | 5 6 8 10 11 12 14 15 16 17 18 20 21 24 27 | 27.0
Shields        | 5 6 8 10 11 12 14 16 17 21 24 27 | 27.0
Maces & Flails | 3 4 6 8 9 11 12 15 16 18 19 22 24 27 | 27.0
Evocations     | 1 2 3 4 5 |  5.4
Invocations    | 4 6 7 10 12 14 16 18 21 25 27 | 27.0
Dodging        | 1 4 5 7 8 10 14 19 27 | 27.0
Stealth        | 1 2 4 5 7 12 | 12.5
Throwing       | 1 4 6 8 10 13 24 27 | 27.0

Action                   |  1- 3 |  4- 6 |  7- 9 | 10-12 | 13-15 | 16-18 || total
-------------------------+-------+-------+-------+-------+-------+-------++-------
Melee: Flail             |    17 |     8 |    28 |   529 |   202 |       ||   784
       Headbutt          |     1 |     4 |     4 |   130 |   175 |   121 ||   435
       Morningstar       |       |       |       |       |   493 |   373 ||   866
Throw: Javelin           |       |       |       |    11 |    52 |    69 ||   132
       Dart              |       |       |       |     2 |     4 |     5 ||    11
Invok: Heroism           |       |       |       |     1 |     2 |     1 ||     4
       Finesse           |       |       |       |     1 |     2 |     1 ||     4
Evoke: Wand              |       |     4 |     6 |     3 |       |       ||    13
  Use: Potion            |     1 |       |     1 |     8 |    16 |       ||    26
       Scroll            |       |       |     1 |     1 |     1 |     3 ||     6
 Stab: Invisible         |       |       |       |       |     5 |       ||     5
Armor: Scale mail        |     4 |       |       |       |       |       ||     4
       Chain mail        |       |     6 |    42 |   169 |   329 |    60 ||   606
       Gold dragon scale |       |       |       |       |       |    32 ||    32
Dodge: Dodged            |     8 |     3 |    20 |    93 |   154 |    64 ||   342
Block: Buckler           |     4 |     2 |    15 |   105 |       |       ||   126
       Kite shield       |       |       |       |    52 |   454 |       ||   506
       Reflection        |       |       |       |       |     9 |       ||     9
       Tower shield      |       |       |       |       |    34 |   279 ||   313

Table legend: (Time is in decaauts) A = Elapsed time spent in this place. B = Non-inter-level travel time spent in this place. C = Inter-level travel time spent in this place. D = Time resting spent in this place. E = Time spent auto-exploring this place. F = Levels seen in this place. G = Mean time per level. A B C D E F G +--------+--------+--------+--------+--------+-----+--------+ Total | 11648 | 11648 | 0 | 6003 | 1300 | 1 | 11648.0 | Dungeon | 11648 | 11648 | 0 | 6003 | 1300 | 1 | 11648.0 | +--------+--------+--------+--------+--------+-----+--------+

Top non-repeatable levels by time:
       D: 11648 daAuts
